Unix NetHack Version 5.0.0-0 post-release - last build Jul 14 2026 02:55:29 (1809b74e8187c3a3585e283601c3028b46cbbdcb,branch:main).

Game began 2026-07-15 16:58:17, ended 2026-07-15 17:20:49.

Anarchos, lawful female dwarven Valkyrie

                                                              -------      ----
                                                              |..--.|      |..|
                                                            ---.....|      |..|
                                                            |.......--     |.--
                                                            |....|...| ----|.|
                                                            --------.| |...|.--
                                                                   |.--|......|
                                                                   |..|--...i@|
                                                                   --^---.. .--
                                                                   |.......
                                                                   |-.....
                                                                   |.....
                                                                   --....
                                                               ..----...
                                                              .....|...
                                                              .........
                                                              ... .....
                                                                    ...
                                                                    .|.

Anarchos the Stripling      St:15 Dx:11 Co:16 In:7 Wi:10 Ch:12  Lawful
Dlvl:5  $:16 HP:0(23) Pw:4(4) AC:6  Xp:2 T:904  Burdened

Latest messages:
 The spikes were poisoned!
 You feel weaker!
 There is a spiked pit here.
 You have a little trouble lifting w - 7 darts.
 x - an elven dagger.
 y - a dwarvish cloak.
 Valkyrie needs food, badly!
 What do you want to eat? [dk or ?*] d
 This food really hits the spot!
 You finish eating the food ration.
 You are still in a pit.
 You are still in a pit.
 You are still in a pit.
 You are still in a pit.
 You crawl to the edge of the pit.
 You have a little trouble lifting A - a black gem.
 You have a little trouble lifting A - a black gem (2 in total).
 You miss the grid bug.
 The grid bug bites!
 You get zapped!
 You miss the grid bug.
 The grid bug bites!
 You get zapped!
 The grid bug bites!
 You get zapped!
 You kill the grid bug!
 The homunculus bites!
 You miss the homunculus.
 The homunculus bites!
 The homunculus bites!
 You miss the homunculus.
 The homunculus bites!
 You miss the homunculus.
 The homunculus bites!
 What do you want to throw? [$bnpswx or ?*] b
 In what direction? 4
 The dagger hits the homunculus.
 The homunculus bites!
 The homunculus bites!
 You are put to sleep by the homunculus!
 You wake up.
 You miss the homunculus.
 The homunculus bites!
 You miss the homunculus.
 The homunculus bites!
 You are put to sleep by the homunculus!
 The homunculus bites!
 You die...
 Do you want your possessions identified? [ynq] (y) y
 Do you want to see your attributes? [ynq] (y) q

Inventory:
 Coins    ('$')
  $ - 16 gold pieces
 Weapons  (')')
  p - 10 +0 arrows
  s - a +0 crossbow
  w - 7 +0 darts
  a - a +1 dwarvish spear (weapon in right hand)
  x - a +0 elven dagger
  n - a +4 orcish spear
 Armor    ('[')
  h - a cursed -1 helm of opposite alignment
  m - an uncursed +0 pair of gauntlets of dexterity
  c - an uncursed +3 small shield (being worn)
  t - an uncursed +0 cloak of invisibility
  y - an uncursed +0 dwarvish cloak
  u - an uncursed +0 banded mail
  r - an uncursed +0 ring mail
 Comestibles  ('%')
  d - an uncursed food ration
  k - an uncursed lichen corpse
 Scrolls  ('?')
  f - an uncursed scroll of enchant armor
  l - an uncursed scroll of taming
 Spellbooks  ('+')
  o - an uncursed spellbook of blank paper
  q - an uncursed spellbook of drain life
  v - an uncursed spellbook of knock
 Tools    ('(')
  i - a cursed blindfold
 Gems/Stones  ('*')
  A - 2 uncursed worthless pieces of black glass
  g - an uncursed worthless piece of white glass

Anarchos the Valkyrie's attributes:

Background:
 You were a Stripling, a level 2 dwarven Valkyrie.
 You were lawful, on a mission for Tyr
 who was opposed by Odin (neutral) and Loki (chaotic).
 You were right-handed.
 You were in the Gnomish Mines, on level 5.
 You entered the dungeon 904 turns ago.
 There was a new moon in effect when your adventure ended.
 You had 35 experience points, 5 more were needed to attain level 3.

Basics:
 You had 0 out of 23 hit points.
 You had all 4 energy points (spell power).
 Your armor class was 6.
 Your wallet contained 16 zorkmids.
 Autopickup was on for all types.

Final Characteristics:
 Your strength was 15 (peak:18/01, limit:18/100).
 Your dexterity was 11 (limit:20).
 Your constitution was 16 (limit:20).
 Your intelligence was 7 (limit:16).
 Your wisdom was 10 (limit:16).
 Your charisma was 12 (limit:16).

Final Status:
 You weren't hungry.
 You were burdened; movement was slightly slowed.
 You were wielding a spear.
 You had basic skill with spear.

Final Attributes:
 You were devoutly aligned.
 You were cold resistant.
 You had infravision.
 You are dead.

Miscellaneous:
 You didn't encounter any bones levels.
 Total elapsed playing time was 22 minutes and 31 seconds.

Major events:
 Turn
    1: Anarchos the lawful dwarven Valkyrie entered the dungeon
  698: entered the Gnomish Mines
  904: killed by a homunculus, while sleeping

Spells:
 Name                 Level Category     Fail Retention
 knock                  1   matter        64%  76%-100%

Skills:
 Fighting Skills
   bare handed combat [Unskilled]
   two weapon combat  [Unskilled]
   riding             [Unskilled]
 Weapon Skills
   dagger             [Basic]
   axe                [Unskilled]
   pick-axe           [Unskilled]
   short sword        [Unskilled]
   broadsword         [Unskilled]
   long sword         [Unskilled]
   two-handed sword   [Unskilled]
   saber              [Unskilled]
   hammer             [Unskilled]
   quarterstaff       [Unskilled]
   polearms           [Unskilled]
   spear              [Basic]
   trident            [Unskilled]
   lance              [Unskilled]
   sling              [Unskilled]
 Spellcasting Skills
   attack spells      [Unskilled]
   escape spells      [Unskilled]

Voluntary challenges:
 Character rerolling was not enabled.
 You followed a strict vegan diet.
 You were an atheist.
 You never genocided any monsters.
 You never polymorphed an object.
 You never changed form.
 You used no wishes.
Achievements:
 You entered a shop.
 You entered the Gnomish Mines.

 The Dungeons of Doom: levels 1 to 3
    Level 1:
    Level 2:
       A general store, a grave.
    Level 3:
       Stairs down to The Gnomish Mines.
 The Gnomish Mines: levels 4 to 5
    Level 4:
    Level 5: <- You were here.
       Final resting place for
          you, killed by a homunculus, while sleeping.


Vanquished creatures:
  a kitten
  a homunculus
  a hobbit
  a gecko
  a jackal
  2 foxes
  8 grid bugs
  a lichen
  4 newts
20 creatures vanquished.

No species were genocided or became extinct.

Game over:
                       ----------
                      /          \
                     /    REST    \
                    /      IN      \
                   /     PEACE      \
                  /                  \
                  |     Anarchos     |
                  |      16 Au       |
                  |   killed by a    |
                  |    homunculus    |
                  |                  |
                  |                  |
                  |       2026       |
                 *|     *  *  *      | *
        _________)/\\_//(\/(/\)/\//\/|_)_______

Farvel Anarchos the Valkyrie...

You died in The Gnomish Mines on dungeon level 5 with 355 points,
and 16 pieces of gold, after 904 moves.
You were level 2 with a maximum of 23 hit points when you died.

